AoeStats
← EduPellon

Golden Pit

503411322Analyzed
1v1 RM · 1mo ago on Aug 31, 2026· 77m 32s· 2 players
Game mode
Random Map
Map size
Tiny (2 player)
Population
200
Speed
Normal
Resources
Standard
Victory
Conquest
Starting age
Dark Age
Ending age
Imperial Age
RankedLock teamsTeams togetherTeam positionsShared explorationLock speedFull tech treeHidden civsTurbo modeCheats
Victory
Defeat
🇲🇽 Byzantines · Mexico
490
+15
🇭🇰 Vietnamese · Hong Kong SAR China
473
-15
mysteriouslad88
13:10 Feudal Age
14:45 Man-at-Arms
15:13 Double-Bit Axe
16:07 Scale Mail Armor
16:38 Loom
17:44 Horse Collar
20:52 Gold Mining
21:15 Forging
22:13 Fletching
28:41 Castle Age
30:30 Chain Mail Armor
30:51 Iron Casting
30:11 Bodkin Arrow
30:26 Thumb Ring
29:43 Elite Skirmisher
29:44 Crossbowman
30:27 Squires
36:19 Bow Saw
41:38 Husbandry
41:48 Bloodlines
47:24 Imperial Age
45:33 Wheelbarrow
44:44 Town Watch
45:51 Bloodlines
48:00 Scale Barding Armor
48:04 Pikeman
49:38 Hand Cart
48:56 Halberdier
51:52 Arrowslits
52:08 Murder Holes
63:37 Cavalier
EduPellon
12:29 Feudal Age
11:15 Loom
20:32 Forging
22:37 Wheelbarrow
23:12 Double-Bit Axe
26:00 Castle Age
24:16 Man-at-Arms
25:17 Scale Mail Armor
26:24 Fletching
26:36 Padded Archer Armor
33:46 Leather Archer Armor
34:11 Iron Casting
34:39 Chain Mail Armor
34:57 Horse Collar
37:59 Gold Mining
38:24 Bow Saw
38:17 Heavy Plow
39:35 Gold Shaft Mining
40:19 Scale Barding Armor
44:40 Chain Barding Armor
49:40 Imperial Age
47:15 Bodkin Arrow
47:18 Stone Mining
48:53 Stone Shaft Mining
51:22 Plate Barding Armor
53:10 Elite Cataphract
56:03 Plate Mail Armor
55:35 Bracer
58:38 Heavy Cavalry Archer
60:51 Treadmill Crane
61:35 Ballistics
61:33 Siphons
65:06 Leather Archer Armor
65:55 Chemistry
76:05 Ring Archer Armor
75:57 Hand Cart
75:10 Spies/Treason
77:35 Bombard Tower
77:13 Murder Holes
77:00 Treadmill Crane
Connection lost

Rejoining the realm…

Still unreachable

The connection could not be restored.

Session expired

The server has moved on; the page needs a fresh start.